 Dungeon Crawl Stone Soup version 0.24.0-7-gb3623d2c88 (webtiles) character file.

Game seed: 10148342685297084629, levelgen mode: deterministic

77 Aviak the Sneak (level 3, -6/26 HPs)
             Began as a Demigod Enchanter on Nov 2, 2019.
             Mangled by Crazy Yiuf
             ... wielding a +2 quarterstaff of chaos
              (11 damage)
             ... on level 3 of the Dungeon.
             The game lasted 00:03:38 (3002 turns).

Aviak the Sneak (Demigod Enchanter)                 Turns: 3002, Time: 00:03:39

Health: -6/26      AC:  4    Str: 11    XL:     3   Next: 92%
Magic:  1/8        EV: 13    Int: 19    God:
Gold:   72         SH:  0    Dex: 18    Spells: 0/6 levels left

rFire    . . .     SeeInvis .   a - +1 dagger
rCold    . . .     Gourm    .   (no shield)
rNeg     . . .     Faith    .   b - +0 robe
rPois    .         Spirit   .   l - +0 helmet
rElec    .         Reflect  .   (no cloak)
rCorr    .         Harm     .   e - +0 pair of gloves
MR       .....                  (no boots)
Stlth    +++.......             (no amulet)
HPRegen  0.08/turn              (no ring)
MPRegen  0.11/turn              (no ring)

@: no status effects
A: high mp 1
a: no special abilities


You were on level 3 of the Dungeon.
You were hungry.

You visited 1 branch of the dungeon, and saw 3 of its levels.

You collected 72 gold pieces.

Inventory:

Hand Weapons
 a - a +1 dagger (weapon)
Armour
 b - a +0 robe (worn)
 e - a +0 pair of gloves (worn)
 g - a cursed +0 ring mail
 l - a +0 helmet (worn)
Scrolls
 h - 3 scrolls of teleportation {unknown}
 j - 2 scrolls of identify {unknown}
 k - 5 scrolls of remove curse {unknown}
 o - a scroll of immolation {unknown}
Potions
 c - 2 potions of curing
 f - a potion of heal wounds {unknown}
 i - 2 potions of degeneration {unknown}
 n - a potion of resistance {unknown}
 p - a potion of might {unknown}
Comestibles
 d - 8 rations


   Skills:
 + Level 1.8 Short Blades
 + Level 2.4 Dodging
 + Level 3.3 Stealth
 - Level 2.0 Spellcasting
 + Level 3.2 Hexes


You couldn't memorise any spells.
You knew the following spells:

 Your Spells              Type           Power        Failure   Level  Hunger
a - Corona                Hex            ##.....      4%          1    #......
b - Ensorcelled Hibernat  Hex/Ice        #.....       13%         2    ###....
c - Confuse               Hex            ##......     13%         3    ###....

Your spell library contained the following spells:

 Spells                   Type           Power        Failure   Level  Hunger
 Tukima's Dance           Hex            ##......     13%         3    ###....
 Dazzling Spray           Conj/Hex       #.....       26%         3    ###....


Dungeon Overview and Level Annotations

Branches:
Dungeon (3/15)

Annotations:
D:3 Crazy Yiuf


Innate Abilities, Weirdness & Mutations

You have an increased reservoir of magic. (+10% MP)


Message History

Crazy Yiuf hits you with a +2 quarterstaff of chaos!
Crazy Yiuf yells, "Shadow sing broken!"
Crazy Yiuf yells, "Snoogle snockshim green!"
Casting: Confuse (safe; 13% risk of failure)
Confirm with . or Enter, or press ? or * to list all spells.
Aiming: Confuse (safe; 13% risk of failure)
Press: ? - help, Shift-Dir - straight line, f/p - Crazy Yiuf
Aim: Crazy Yiuf, wielding a +2 quarterstaff of chaos and wearing a +2 cloak of magic resistance (chance to defeat MR: 21%) Crazy Yiuf appears confused.
You hit Crazy Yiuf.
Crazy Yiuf is lightly wounded.
You hit Crazy Yiuf.
Crazy Yiuf is moderately wounded.
Crazy Yiuf hits you with a +2 quarterstaff of chaos!
* * * LOW HITPOINT WARNING * * *
You catch the helpless Crazy Yiuf completely off-guard!
You puncture Crazy Yiuf!
Crazy Yiuf is almost dead.
Crazy Yiuf hits you with a +2 quarterstaff of chaos!
You die...

'...# ##......###......# #...#
##########................. ###
#..........###..##.#.......
#########..###..##.#.......
###.................. #########
#....................
........#####....................
...####....##....................
...# ####......@................
#### ####...g................
#.[...................
####.#.............#.....
######....#...........>.......
#.......###.>..###.#.###......
#.......###..### #...# #......
#...........## ##..####......
#.......#########....†........


You could see Crazy Yiuf (confused).

Vanquished Creatures
  2 adders (D:2)
  A worm (D:2)
  2 dart slugs
  A leopard gecko (D:2)
  4 orcs (D:3)
  A ball python (D:1)
  A giant cockroach (D:3)
  6 hobgoblins
  6 jackals
  5 kobolds
  A quokka (D:2)
  3 bats
  3 frilled lizards
  4 goblins
  4 rats
44 creatures vanquished.

Notes
Turn   | Place    | Note
-------+----------+-------------------------------------------
     0 | D:1      | Aviak the Demigod Enchanter began the quest for the Orb.
     0 | D:1      | Reached XP level 1. HP: 14/14 MP: 5/5
   168 | D:1      | Reached skill level 1 in Short Blades
   508 | D:1      | Reached XP level 2. HP: 7/20 MP: 4/7
   536 | D:1      | Learned a level 2 spell: Ensorcelled Hibernation
  1447 | D:2      | Reached XP level 3. HP: 24/26 MP: 0/8
  1771 | D:2      | Learned a level 3 spell: Confuse
  2577 | D:3      | Found a runed translucent door.
  2578 | D:3      | Noticed Crazy Yiuf
  2671 | D:3      | Found a shattered altar of Ashenzari.
  2830 | D:3      | Found a faded altar of an unknown god.
  3002 | D:3      | Mangled by Crazy Yiuf

Levels and vault maps discovered:
D:1:      minmay_arrival_widening_spiral_narrow, layout_basic
D:2:      layout_basic
D:3:      layout_rooms, chequers_ecumenical_altar_lobes, first_ration,
          evilmike_ruin_ashenzari, uniq_crazy_yiuf_cottage

Skill      XL: |  1  2 |
---------------+-------+-----
Short Blades   | 1 |  1.8
Dodging        | 2 |  2.4
Spellcasting   | 2 |  2.0
Stealth        | 3 |  3.3
Hexes          | 3 |  3.2

Action                   || total
-------------------------++-------
Melee: Dagger            ||   177
 Cast: Corona            ||     8
       Ensorcelled Hiber ||    12
       Confuse           ||    10
  Use: Potion            ||     1
 Stab: Sleeping          ||    12
       Confused          ||     3
       Distracted        ||     1
  Eat: Chunk             ||     8
Armor: Robe              ||    37
Dodge: Dodged            ||   111
